 Dungeon Crawl Stone Soup version 0.29.0-4-gdea44cf6ec (webtiles) character file.

Game seed: 5744640600963122585

396 qw the Chopper (level 6, -2/37 HPs)
             Began as a Tengu Warper on Aug 28, 2022.
             Slain by a gnoll
             ... wielding a +0 club
              (7 damage)
             ... on level 4 of the Dungeon.
             The game lasted 00:00:23 (3980 turns).

qw the Chopper (Tengu Warper)                       Turns: 3980, Time: 00:00:24

Health: -2/37      AC:  8    Str: 13    XL:     6   Next: 83%
Magic:  10/10      EV:  7    Int: 14    God:
Gold:   176        SH:  0    Dex: 13    Spells: 9/9 levels left

rFire   . . .      SeeInvis .   Y - +0 hand axe
rCold   . . .      Faith    .   (no shield)
rNeg    + . .      Spirit   .   a - +0 chain mail
rPois   .          Reflect  .   (helmet restricted)
rElec   .          Harm     .   (no cloak)
rCorr   .          Rampage  .   (no gloves)
Will    .....                   (boots unavailable)
Stlth   ..........              (no amulet)
HPRegen 0.12/turn               i - ring of positive energy
MPRegen 0.12/turn               (no ring)

@: flying quickly and evasively, quick
A: beak, talons 3, nimble flight
a: no special abilities


You were on level 4 of the Dungeon.
You visited 1 branch of the dungeon, and saw 4 of its levels.

You collected 176 gold pieces.


Innate Abilities, Weirdness & Mutations

You have a beak for a mouth.
You have claws for feet.
Your magical nature lets you fly swiftly and evasively.


   Skills:
 - Level 3.0 Fighting
 - Level 7.2 Axes
 - Level 1.0 Throwing
 + Level 1.3 Armour
 - Level 2.1 Dodging
 - Level 2.0 Spellcasting
 - Level 2.4 Translocations


You had 9 spell levels left.
You didn't know any spells.
Your spell library contained the following spells:

 Spells                   Type           Power      Damage    Failure   Level
 Blink                    Tloc           16%        N/A       99%         2
 Gell's Gravitas          Tloc           8%         N/A       100%        3
 Lesser Beckoning         Tloc           8%         N/A       100%        3
 Teleport Other           Tloc           8%         N/A       100%        3
 Manifold Assault         Tloc           8%         N/A       100%        5

Inventory:

Hand Weapons
 g - a +0 whip
 Y - a +0 hand axe (weapon)
Armour
 a - a +0 chain mail (worn)
Jewellery
 i - a ring of positive energy (left hand)
Scrolls
 b - a scroll of identify
Potions
 h - a potion of degeneration {unknown}
 k - a potion of flight {unknown}

Dungeon Overview and Level Annotations

Branches:
Dungeon (4/15)
 Temple: D:4-7

Altars:


Message History

A gnoll comes into view. It is wielding a +0 club.
Found 7 gold pieces.
The gnoll shouts! x2; You hear a shout!
A gnoll comes into view. It is wielding a +0 spear.
The gnoll shouts!
The gnoll throws a throwing net.
The throwing net hits you.
You become entangled in the net!
You see here a throwing net.
You struggle against the net.
You struggle against the net.
The gnoll hits you from afar with a +0 spear.
You shred the net and break free!
The gnoll hits you from afar with a +0 spear.
An adder comes into view.
Found a stone staircase leading down.
The adder hisses angrily.
The gnoll hits you but does no damage.
The gnoll hits you from afar with a +0 spear.
The gnoll hits you with a +0 flail.
You hit the gnoll. You peck the gnoll.
The gnoll is moderately wounded.
You hit the gnoll but do no damage. You hit the gnoll.
The gnoll hits you with a +0 club. The gnoll hits you with a +0 spear.
The gnoll hits you from afar with a +0 spear.
The gnoll hits you with a +0 flail.
You hit the gnoll. You claw the gnoll.
You kill the gnoll!
You hit the gnoll. x2
The gnoll hits you from afar with a +0 spear.
The gnoll hits you but does no damage. The gnoll hits you with a +0 spear.
You hit the gnoll. You claw the gnoll, but do no damage. You peck the gnoll.
The gnoll is severely wounded.
You hit the gnoll. The gnoll hits you but does no damage.
The gnoll hits you with a +0 spear. The gnoll hits you but does no damage.
You hit the gnoll. Your kick misses the gnoll. Your peck misses the gnoll.
The gnoll is almost dead.
You hit the gnoll. The gnoll hits you but does no damage.
The gnoll hits you with a +0 club!
You die...

....... ..
....... ...
....... ....
....... ##....
.......##..>...
.......gS......
.....$).g......
......g@#
..#####.# #.#
#.###
#####...##
####........#
#...........#
...........##
..........##


You could see 3 gnolls and an adder.

Vanquished Creatures
  A centaur (D:3)
  A phantom (D:2)
  A gnoll bouda (D:3)
  8 gnolls
  3 adders
  4 worms
  3 dart slugs
  3 bats
  7 endoplasms
  4 giant cockroaches
  5 goblins
  10 hobgoblins
  12 jackals (D:2)
  7 kobolds
  4 quokkas
  4 ball pythons
  6 frilled lizards
  6 rats
89 creatures vanquished.

Notes
Turn   | Place    | Note
-------+----------+-------------------------------------------
     0 | D:1      | qw the Tengu Warper began the quest for the Orb.
     0 | D:1      | Reached XP level 1. HP: 12/12 MP: 4/4
     0 | D:1      | 0 ||| qw: Version: 0.1-a-89-g26bdef1
     0 | D:1      | 0 ||| qw: Game counter: 1757
     0 | D:1      | 0 ||| qw: Always use a shield: true
     0 | D:1      | 0 ||| qw: God list: Okawaru
     0 | D:1      | 0 ||| qw: Allow faded altars: false
     0 | D:1      | 0 ||| qw: Do Orc after D:15 true
     0 | D:1      | 0 ||| qw: Do second Lair branch before Depths: true
     0 | D:1      | 0 ||| qw: Lair rune preference: random
     0 | D:1      | 0 ||| qw: Plans: Normal
     0 | D:1      | 0 ||| PLANNING D:1-11
   119 | D:1      | Reached skill level 3 in Axes
   119 | D:1      | Reached XP level 2. HP: 12/17 MP: 6/6
   250 | D:1      | 250 ||| Stepping ~*~*~tactically~*~*~ (stealth).
   285 | D:1      | 285 ||| Stepping ~*~*~tactically~*~*~ (stealth).
   368 | D:1      | 368 ||| Stepping ~*~*~tactically~*~*~ (hiding).
   470 | D:1      | 470 ||| Stepping ~*~*~tactically~*~*~ (hiding).
   480 | D:1      | Reached skill level 4 in Axes
   480 | D:1      | Reached XP level 3. HP: 15/21 MP: 7/7
  1107 | D:1      | Found a faded altar of an unknown god.
  1373 | D:1      | 1373 ||| UPGRADING to +0 ring mail.
  1383 | D:1      | 1383 ||| DROPPING +0 leather armour.
  1384 | D:1      | 1384 ||| UPGRADING to ring of positive energy.
  1385 | D:1      | 1385 ||| READING scroll labelled QOIGREU YVUH.
  1386 | D:1      | 1386 ||| READING scroll labelled FEXUAKK DOWKIE.
  1387 | D:1      | 1387 ||| DRINKING 2 white potions.
  1388 | D:1      | 1388 ||| DROPPING scroll of blinking.
  1577 | D:2      | Noticed a phantom
  1593 | D:2      | HP: 1/21 [phantom (5)]
  1594 | D:2      | 1594 ||| DRINKING potion of heal wounds.
  1599 | D:2      | Reached XP level 4. HP: 22/26 MP: 8/8
  1599 | D:2      | Killed a phantom
  1600 | D:2      | Reached skill level 5 in Axes
  1600 | D:2      | Gained mutation: Your magical nature lets you fly swiftly
                  | and evasively. [Tengu growth]
  1600 | D:2      | Reached XP level 5. HP: 26/30 MP: 9/9
  2006 | D:2      | Reached skill level 6 in Axes
  2007 | D:2      | 2007 ||| Stepping ~*~*~tactically~*~*~ (stealth).
  2008 | D:2      | 2008 ||| Stepping ~*~*~tactically~*~*~ (stealth).
  2011 | D:2      | 2011 ||| Stepping ~*~*~tactically~*~*~ (stealth).
  2012 | D:2      | 2012 ||| Stepping ~*~*~tactically~*~*~ (stealth).
  2030 | D:2      | 2030 ||| Stepping ~*~*~tactically~*~*~ (stealth).
  2170 | D:2      | 2170 ||| Stepping ~*~*~tactically~*~*~ (stealth).
  2173 | D:2      | 2173 ||| Stepping ~*~*~tactically~*~*~ (stealth).
  2661 | D:2      | 2661 ||| Stepping ~*~*~tactically~*~*~ (stealth).
  2666 | D:2      | 2666 ||| Stepping ~*~*~tactically~*~*~ (stealth).
  3166 | D:3      | Noticed a centaur
  3167 | D:3      | 3167 ||| Stepping ~*~*~tactically~*~*~ (hiding).
  3168 | D:3      | 3168 ||| Stepping ~*~*~tactically~*~*~ (hiding).
  3178 | D:3      | Killed a centaur
  3179 | D:3      | Reached skill level 7 in Axes
  3179 | D:3      | Reached XP level 6. HP: 18/35 MP: 10/10
  3409 | D:3      | HP: 5/35 [gnoll/+0 whip (6)]
  3410 | D:3      | 3410 ||| DRINKING potion of heal wounds.
  3441 | D:3      | 3441 ||| Stepping ~*~*~tactically~*~*~ (stealth).
  3442 | D:3      | 3442 ||| Stepping ~*~*~tactically~*~*~ (stealth).
  3450 | D:3      | 3450 ||| Stepping ~*~*~tactically~*~*~ (stealth).
  3462 | D:3      | Reached skill level 3 in Fighting
  3582 | D:3      | 3582 ||| Stepping ~*~*~tactically~*~*~ (stealth).
  3893 | D:3      | 3893 ||| UPGRADING to +0 chain mail.
  3903 | D:3      | 3903 ||| DROPPING +0 ring mail.
  3904 | D:3      | 3904 ||| READING 2 scrolls of identify.
  3904 | D:3      | 3904 ||| IDENTIFYING viscous black potion
  3905 | D:3      | 3905 ||| DROPPING potion of brilliance.
  3978 | D:4      | HP: 9/37 [gnoll/+0 spear (1)]
  3979 | D:4      | HP: 4/37 [gnoll/+0 spear (2)]
  3980 | D:4      | Slain by a gnoll

Levels and vault maps discovered:
D:1:      psy_arrival_basics, layout_basic, basic_ecumenical_altar
D:2:      minmay_alternating_diamond, layout_basic, grunt_decor_resistance,
          dreamdust_princess_corridor
D:3:      layout_basic
D:4:      nicolae_cairo_tiling, layout_cave_pods

Skill      XL: |  1  2  3  4  5  6 |
---------------+-------------------+-----
Axes           | 3 4 5 7 |  7.2
Fighting       | 3 |  3.0
Throwing       | |  1.0
Armour         | |  1.3
Dodging        | |  2.1
Spellcasting   | |  2.0
Translocations | |  2.4

Action                   |  1- 3 |  4- 6 || total
-------------------------+-------+-------++-------
Melee: Hand axe          |    81 |   145 ||   226
       Peck              |     8 |    28 ||    36
       Kick              |    14 |    45 ||    59
       Punch             |       |     1 ||     1
Throw: Boomerang         |     7 |       ||     7
  Use: Scroll            |     2 |     1 ||     3
       Potion            |     2 |     1 ||     3
Armor: Leather armour    |     5 |       ||     5
       Ring mail         |    12 |    32 ||    44
       Chain mail        |       |     5 ||     5
Dodge: Dodged            |    37 |    76 ||   113

Table legend:
 A = Non-vault XP
 B = Vault XP
 C = Vault XP percentage of total XP
 D = Non-vault monster count
 E = Vault monster count
 F = Vault count percentage of total count
                 A         B        C        D         E       F
            +---------+---------+-------+---------+---------+-------
      Total |     557 |      10 |   1.8 |      85 |       4 |   4.5
            +---------+---------+-------+---------+---------+-------
        D:1 |      65 |       0 |   0.0 |      28 |       0 |   0.0
        D:2 |     203 |      10 |   4.7 |      36 |       4 |  10.0
        D:3 |     273 |       0 |   0.0 |      19 |       0 |   0.0
        D:4 |      16 |       0 |   0.0 |       2 |       0 |   0.0
            +---------+---------+-------+---------+---------+-------
